[Event "Early-Titled-Tuesday-Blitz-January-23-2024"]
[Site "Chess.com"]
[Date "2024.01.23"]
[Round "5"]
[White "BasilSmash"]
[Black "Korchmar_Vasiliy"]
[Result "1/2-1/2"]
[WhiteElo "2548"]
[BlackElo "2717"]
[TimeControl "180+1"]
[EndTime "8:55:50 PST"]
[Termination "Game drawn by repetition"]

1. e4 c5 2. Nf3 a6 3. c4 Nc6 4.
d4 cxd4 5. Nxd4 Nf6 6. Nc3 e6 7. Nxc6 dxc6 8. Qxd8+ Kxd8 9. e5 Ng4 10. Bf4 Bb4 11.
h3 Bxc3+ 12. bxc3 Nh6 13. g4 Kc7 14. Bg2 Ng8 15. O-O-O Ne7 16. Rd2 Rd8 17. Rxd8 Kxd8 18. Rd1+ Bd7 19. Be3 Nc8 20. Bc5 Kc7 21. f4 b6 22. Bf8 g6 23. c5 bxc5 24. Bxc5 Rb8 25. a4 a5 26. Kc2 Rb7 27. Bf1 Nb6 28. Rb1 Nc8 29. Bd6+ Nxd6 30. exd6+ Kb8 31. Rd1 c5 32. Bg2 Bxa4+ 33. Kc1 Bxd1 34. Bxb7 Kxb7 35. Kxd1 Kc6 36. Kc2 c4 37. Kb2 Kxd6 38. Ka3 Kc5 39. Ka4 Kb6 40. g5 Ka6 41. Ka3 Kb5 42. Ka2 Ka4 43. Kb2 Kb5 44. Ka3 Kc5 45. Ka4 Kb6 46. Ka3 Kc5 47.
Ka4 Kb6 48. Ka3 Ka6 49. Ka4 Kb6 1/2-1/2

[Event "Early-Titled-Tuesday-Blitz-January-23-2024"]
[Site "Chess.com"]
[Date "2024.01.23"]
[Round "5"]
[White "chess_blitz00"]
[Black "nindjaxx8"]
[Result "1-0"]
[WhiteElo "2473"]
[BlackElo "2582"]
[TimeControl "180+1"]
[EndTime "8:55:50 PST"]
[Termination "chess_blitz00 won by checkmate"]

1. d4 d5 2. Nf3 Nf6 3. g3 Bf5 4.
Bg2 e6 5. O-O Be7 6. c4 O-O 7.
Nbd2 c6 8. b3 Nbd7 9. Bb2 a5 10.
a3 a4 11. b4 Bg6 12. h3 Ne4 13. Nxe4 Bxe4 14. Rc1 Nb6 15. Nd2 Bxg2 16. Kxg2 Bf6 17. e4 dxe4 18. Nxe4 Qe7 19. Qe2 Rfd8 20. Rfd1 Nc8 21.
Nxf6+ gxf6 22. d5 cxd5 23. cxd5 e5 24. Rc4 Nd6 25. Rh4 Kf8 26. Rxh7 Ke8 27. Qg4 f5 28. Qg7 Nc4 29. Bc1 Qf8 30. Rh8 Kd7 31. Rxf8 Rxf8 32. Bh6 Nd6 33. Qxf8 Rxf8 34. Bxf8 Nc4 35. b5 Na5 36.
Bb4 Nc4 37. d6 e4 38. h4 Ne5 39. h5 Ng4 40. Rh1 Nh6 41. Bd2 Ng8 42. h6 Nxh6 43.
Bxh6 Kxd6 44. Bf4+ Ke6 45. Rc1 Kd5 46. Be3 f4 47.
gxf4 Ke6 48. b6 Kf5 49. Rc5+ Kg6 50. Rg5+ Kf6 51. Re5 Kg6 52. Kg3 Kg7 53. Kg4 f6 54. Re7+ Kg6 55. f5# 1-0

[Event "Early-Titled-Tuesday-Blitz-January-23-2024"]
[Site "Chess.com"]
[Date "2024.01.23"]
[Round "5"]
[White "Boxerandchessplayer"]
[Black "noblerone"]
[Result "1/2-1/2"]
[WhiteElo "2264"]
[BlackElo "2523"]
[TimeControl "180+1"]
[EndTime "8:55:50 PST"]
[Termination "Game drawn by repetition"]

1. d4 d5 2. c4 e6 3. Nf3 Nf6 4. Nc3 dxc4 5. Be3 c5 6. dxc5 Qa5 7. Qa4+ Nc6 8. Qxa5 Nxa5 9. Ne5 Nd7 10. Nxd7 Bxd7 11.
Bd4 Rc8 12. Ne4 f6 13. Bc3 Nc6 14. e3 Ne5 15. Bxe5 fxe5 16. Bxc4 Bxc5 17. Nxc5 Rxc5 18. Bd3 Ke7 19. O-O h6 20. Rac1 Rhc8 21. Rxc5 Rxc5 22. Rd1 a5 23. Kf1 Bc6 24. f3 g5 25. Ke1 g4 26.
Kf2 h5 27. Rd2 Rc1 28. Be2 gxf3 29. Bxf3 h4 30. Bxc6 bxc6 31. Kf3 Rc4 32. b3 Rb4 33. Rc2 Kd6 34. g3 hxg3 35. hxg3 a4 36. bxa4 Rxa4 37. g4 c5 38. g5 c4 39. g6 Ra7 40. Rxc4 Rg7 41. Rg4 Ke7 42. Ke4 Kf6 43. a4 Ra7 44. Kf3 e4+ 45. Kxe4 Rxa4+ 46. Kf3 Rxg4 47. Kxg4 Kxg6 48.
Kf4 Kf6 49. e4 e5+ 50. Kg4 Kg6 51. Kh4 Kh6 52. Kg4 Kg6 53. Kh4 Kh6 54. Kg4 Kg6 1/2-1/2

[Event "Early-Titled-Tuesday-Blitz-January-23-2024"]
[Site "Chess.com"]
[Date "2024.01.23"]
[Round "5"]
[White "tsaruk_maks"]
[Black "suspiciumchess"]
[Result "0-1"]
[WhiteElo "2752"]
[BlackElo "2415"]
[TimeControl "180+1"]
[EndTime "8:55:51 PST"]
[Termination "suspiciumchess won on time"]

1. e4 c5 2. Nf3 d6 3. Bb5+ Nd7 4. O-O a6 5. Bd3 Ngf6 6. c3 b5 7. Bc2 Bb7 8. a4 Nxe4 9. Re1 Nef6 10. d4 e6 11. Bf4 Be7 12. Nbd2 O-O 13. h3 cxd4 14.
Nxd4 Nd5 15. Bh2 bxa4 16. Rxa4 Nc5 17. Ra1 g6 18. Nc4 Rc8 19. Qe2 e5 20. Nf3 Ne6 21. Na5 Ba8 22. Qxa6 Nb4 23. cxb4 Rxc2 24. Ra3 Bh4 25.
Re2 Rc1+ 26. Re1 Bxf3 27. Rxc1 Qg5 28. Rxf3 Qxc1+ 29. Qf1 Qxb2 30. Rb3 Qd4 31. b5 Rc8 32. Nc6 Qd5 33. Rb4 Bf6 34. Bg3 Qc5 35. Kh1 Rxc6 36. Rb1 Rb6 37. f4 exf4 38. Bxf4 Nxf4 39. Qxf4 Be5 40.
Qa4 Qd4 41. Qa8+ Kg7 42. Rf1 Qd3 43. Rg1 Qg3 0-1

[Event "Early-Titled-Tuesday-Blitz-January-23-2024"]
[Site "Chess.com"]
[Date "2024.01.23"]
[Round "5"]
[White "bazar-wokzal"]
[Black "ural58"]
[Result "1/2-1/2"]
[WhiteElo "2559"]
[BlackElo "2440"]
[TimeControl "180+1"]
[EndTime "8:55:51 PST"]
[Termination "Game drawn by repetition"]

1. e4 d5 2. exd5 Qxd5 3. Nc3 Qd6 4. Nf3 c6 5. d4 Bf5 6. g3 e6 7. Bg2 Nf6 8. O-O Be7 9. Bf4 Qd8 10. Qe2 O-O 11. Nd1 Nd5 12. Bd2 b5 13. Rc1 Nd7 14. Ne3 Bg6 15. b3 a6 16. c4 bxc4 17. bxc4 Nb4 18. Bxb4 Bxb4 19. c5 Nf6 20. Ne5 Ba3 21. Nxc6 Qc7 22. Rc3 Be4 23. Ne5 Bxg2 24. Kxg2 Bb4 25.
Rb3 Ba5 26. Rfb1 Qc8 27. Qf3 Bc7 28. Nc6 Kh8 29. Nc4 Nd5 30. Ne3 Nf6 31. Rb7 Bd8 32. Nc4 Bc7 33. N4e5 Bxe5 34. Nxe5 Kg8 35. Qc6 Qd8 36.
Qd6 Qa5 37. Nd7 Nxd7 38. Rxd7 Qxa2 39. Rbb7 Qc2 40. Qe5 a5 41. Ra7 a4 42. h4 a3 43. h5 h6 44. Rxf7 Rxf7 45. Rxa8+ Kh7 46. Qb8 Qe4+ 47. Kh3 Qh1+ 48. Kg4 Qf3+ 49. Kh4 Qh1+ 50. Kg4 Qf3+ 51. Kh4 Qh1+ 52. Kg4 1/2-1/2

[Event "Early-Titled-Tuesday-Blitz-January-23-2024"]
[Site "Chess.com"]
[Date "2024.01.23"]
[Round "5"]
[White "kai_nov"]
[Black "tusplingher"]
[Result "1/2-1/2"]
[WhiteElo "2299"]
[BlackElo "2484"]
[TimeControl "180+1"]
[EndTime "8:55:52 PST"]
[Termination "Game drawn by repetition"]

1. d4 Nf6 2. Nc3 d5 3. Bg5 e6 4. e4 dxe4 5. Nxe4 Be7 6. Bxf6 Bxf6 7. Nf3 b6 8. c3 Bb7 9. Bd3 Nd7 10. Qe2 Be7 11. O-O-O Nf6 12. Nxf6+ Bxf6 13. Ne5 O-O 14. Rhg1 g6 15. g4 c5 16. dxc5 Qc7 17. f4 Rfd8 18. c6 Bxe5 19. fxe5 Bxc6 20. h4 Rd7 21. h5 Rad8 22.
hxg6 fxg6 23. Bc4 Bd5 24. Bxd5 Rxd5 25. Rxd5 Rxd5 26. Re1 Qc5 27. Qe4 b5 28. Rf1 Rxe5 29. Qa8+ Kg7 30. Qb7+ Kh6 31. Qf7 Qe3+ 32. Kc2 Qe2+ 33.
Kb3 Qc4+ 34. Kc2 Re2+ 35. Kc1 Qe4 36. g5+ Kxg5 37. Qf6+ Kg4 38. Rg1+ Rg2 39. Rxg2+ Qxg2 40. Qxe6+ Kg3 41. Qe5+ Kh3 42. Qe6+ Qg4 43. Qe3+ Qg3 44. Qe6+ Kh2 45. Qe2+ Qg2 46. Qe5+ Kg1 47. Qc5+ Qf2 48. Qg5+ Kf1 49. Qxb5+ Ke1 50. Qe5+ Kf1 51. Qb5+ Kg2 52.
Qg5+ Kf1 53. Qb5+ 1/2-1/2

[Event "Early-Titled-Tuesday-Blitz-January-23-2024"]
[Site "Chess.com"]
[Date "2024.01.23"]
[Round "5"]
[White "frederiksvane"]
[Black "Oleksandr_Bortnyk"]
[Result "1/2-1/2"]
[WhiteElo "2938"]
[BlackElo "3084"]
[TimeControl "180+1"]
[EndTime "8:55:53 PST"]
[Termination "Game drawn by repetition"]

1. e4 Nf6 2. e5 Nd5 3. d4 d6 4. c4 Nb6 5. exd6 exd6 6. Nc3 Be7 7. Bd3 O-O 8. Nge2 c6 9. O-O Na6 10. h3 Nb4 11. Bb1 d5 12. c5 Nd7 13. a3 Na6 14. b4 Nc7 15. Bf4 Ne6 16. Qd3 g6 17. Bg3 f5 18. Nf4 Nf6 19. Nxe6 Bxe6 20. Be5 Nd7 21. f4 Nxe5 22. fxe5 a5 23. Bc2 axb4 24. axb4 Rxa1 25. Rxa1 f4 26. Qf3 Bg5 27. b5 b6 28. Ra6 bxc5 29. dxc5 Qc7 30. Rxc6 Qxe5 31. Rxe6 Qxe6 32. Qxd5 Qxd5 33.
Nxd5 Re8 34. b6 Bh4 35. Nxf4 Re1+ 36. Kh2 Re3 37. Nd3 Bg3+ 38. Kg1 Re2 39. Bb3+ Kg7 40. c6 Re3 41. c7 Rxd3 42. c8=Q Rxb3 43. Qd7+ Kh6 44. Qd2+ g5 45. Kf1 Rxb6 46. Qd4 Re6 47.
Qc3 Re1+ 48. Qxe1 Bxe1 49. Kxe1 Kg6 50. Kf2 Kf5 51. Kf3 h5 52. g4+ hxg4+ 53. hxg4+ Ke5 54. Ke3 Kd5 55. Kd3 Ke5 56. Ke3 Kd5 57. Kd3 Ke5 58.
Ke3 1/2-1/2

[Event "Early-Titled-Tuesday-Blitz-January-23-2024"]
[Site "Chess.com"]
[Date "2024.01.23"]
[Round "5"]
[White "SpeedofLight0"]
[Black "Msb2"]
[Result "1/2-1/2"]
[WhiteElo "2906"]
[BlackElo "3057"]
[TimeControl "180+1"]
[EndTime "8:55:54 PST"]
[Termination "Game drawn - insufficient material"]

1. d4 d5 2. c4 e6 3. Nc3 Bb4 4. cxd5 exd5 5. Nf3 Nf6 6. Bg5 h6 7. Bh4 O-O 8. e3 Bf5 9. Qb3 Bxc3+ 10. bxc3 Nbd7 11.
Be2 c5 12. dxc5 g5 13. Bg3 Nxc5 14. Qd1 Re8 15. O-O Nfe4 16. Rc1 Rc8 17. Qd4 Nxg3 18.
hxg3 Re4 19. Qd2 Re7 20. c4 dxc4 21. Rxc4 Qxd2 22. Nxd2 Be6 23. Rc2 b6 24. Rd1 Rd8 25.
Nf3 Red7 26. Rxd7 Rxd7 27. Nd4 Bd5 28. Bg4 Rd8 29. Bf5 Kg7 30. g4 Kf6 31. Nb5 a5 32. Nd4 Be6 33. Bxe6 fxe6 34. Kf1 e5 35. Nb5 Rd1+ 36.
Ke2 Ra1 37. Nc7 Rb1 38. Nd5+ Ke6 39. Nxb6 Rxb6 40. Rxc5 e4 41. Kd2 Rb2+ 42. Rc2 Rb1 43.
Kc3 Kd5 44. Rb2 Rc1+ 45. Kb3 Rc4 46. Rd2+ Kc5 47. Rd8 Rb4+ 48. Ka3 Rb1 49. Ka4 Rb2 50. a3 Rxf2 51. Rd4 Rxg2 52. Rxe4 Rg3 53. Kxa5 Kd5 54. Rd4+ Ke5 55. Kb4 Rxe3 56. Rc4 Rh3 57. a4 h5 58. gxh5 Rxh5 59. a5 Rh8 60. a6 Kf5 61. Kb5 g4 62. Rc5+ Kf4 63. Rc4+ Kf3 64. Kb6 Ra8 65. Kb7 Rxa6 66. Kxa6 g3 67. Rc3+ Kf2 68.
Rc2+ Kf3 69. Kb5 g2 70. Rc1 Kf2 71. Kc4 g1=Q 72. Rxg1 Kxg1 1/2-1/2

[Event "Early-Titled-Tuesday-Blitz-January-23-2024"]
[Site "Chess.com"]
[Date "2024.01.23"]
[Round "5"]
[White "Chessbard1972"]
[Black "jraosam"]
[Result "1-0"]
[WhiteElo "2445"]
[BlackElo "1938"]
[TimeControl "180+1"]
[EndTime "8:55:54 PST"]
[Termination "Chessbard1972 won on time"]

1. e4 c5 2. Nc3 d6 3. f4 g6 4. Nf3 Bg7 5. Bc4 e6 6. d3 a6 7. a4 Nc6 8. O-O Nd4 9. Kh1 Nxf3 10. Qxf3 Ne7 11. f5 gxf5 12. Bg5 f4 13. Qxf4 O-O 14. Qh4 f6 15. Bxf6 Bxf6 16. Rxf6 Ng6 17. Rxf8+ Qxf8 18. Qg3 Kg7 19. Kg1 Qf4 20. Qxf4 Nxf4 21.
Rf1 e5 22. g3 Nh3+ 23. Kg2 Ng5 24. Rf2 Bh3+ 25. Kg1 Bg4 26. Kg2 Bh3+ 27. Kh1 Bg4 28.
h4 Ne6 29. Nd5 Rf8 30. Rxf8 Kxf8 31. a5 Nd4 32. Ne3 Bf3+ 33. Kh2 Nc6 34. Nf5 Nxa5 35. Nxd6 Ke7 36. Nf5+ Kf6 37. Bg8 h5 38. Bd5 b5 39.
Kg1 Bd1 40. c3 Bc2 41. b4 cxb4 42. cxb4 Nb3 43. Kf2 Na1 44. Ke3 Bb3 45. Bb7 Be6 46. Nd6 Nc2+ 47. Kd2 Nxb4 48. Kc3 Na2+ 49. Kb2 Nb4 50. Ka3 Nxd3 51. Bxa6 1-0

[Event "Early-Titled-Tuesday-Blitz-January-23-2024"]
[Site "Chess.com"]
[Date "2024.01.23"]
[Round "5"]
[White "Crazy_girl99"]
[Black "andrzej"]
[Result "1-0"]
[WhiteElo "2611"]
[BlackElo "2381"]
[TimeControl "180+1"]
[EndTime "8:55:54 PST"]
[Termination "Crazy_girl99 won by checkmate"]

1. e4 e5 2. Nf3 Nf6 3. Nc3 Bb4 4. Bc4 Bxc3 5. dxc3 d6 6. Bg5 h6 7. Bh4 O-O 8. Qe2 Be6 9. Bxe6 fxe6 10. O-O-O Qe7 11.
h3 Qf7 12. Rhe1 Nh5 13. Qb5 b6 14. Kb1 a6 15. Qc4 b5 16. Qf1 Nd7 17. Nd2 Rab8 18. g4 Nf4 19. Bg3 a5 20. h4 b4 21. c4 Nc5 22. Nb3 Na4 23. c5 Nxc5 24. Nxc5 dxc5 25. Qc4 Qe7 26. g5 h5 27. f3 Kh7 28. Bf2 Rfd8 29.
Bxc5 Qe8 30. Be3 Ng6 31. Qxc7 Rbc8 32. Qxa5 Rxd1+ 33. Rxd1 Qc6 34. Rc1 Qc4 35. Bd2 Qe2 36. Qxb4 Qxf3 37. a4 Rd8 38. Bc3 Nf4 39. Bxe5 Ne2 40.
Qe7 Rg8 41. Re1 Qxe4 42. Qxe6 Qg2 43. g6+ Kh8 44. Rxe2 Qh1+ 45. Ka2 Qxh4 46. b3 Qb4 47. Bb2 Qb7 48. Qf5 Qc7 49. Qxh5# 1-0

[Event "Early-Titled-Tuesday-Blitz-January-23-2024"]
[Site "Chess.com"]
[Date "2024.01.23"]
[Round "5"]
[White "Kotofeyca"]
[Black "Perecke"]
[Result "0-1"]
[WhiteElo "2359"]
[BlackElo "2546"]
[TimeControl "180+1"]
[EndTime "8:55:57 PST"]
[Termination "Perecke won by resignation"]

1. d4 Nf6 2. c4 e6 3. Nf3 d5 4.
cxd5 exd5 5. Nc3 Be7 6. Bg5 O-O 7. Qc2 Re8 8. e3 h6 9. Bh4 c6 10. Bd3 Ne4 11. Bxe4 Bxh4 12. Bh7+ Kf8 13. O-O-O Bf6 14. Bd3 b5 15. Kb1 Na6 16. Qb3 Rb8 17. Rhe1 Be6 18. Qa3+ b4 19. Qxa6 bxc3 20. b3 c5 21. dxc5 Bg4 22.
Qd6+ Qxd6 23. cxd6 Red8 24. h3 Bxf3 25. gxf3 Rxd6 26.
e4 dxe4 27. fxe4 Be5 28. Bc4 Rbd8 29. Rxd6 Rxd6 30. Bd5 Rf6 31. Re2 Rf3 32. h4 Rh3 33. Kc2 Rxh4 34. b4 Rf4 35. Kd3 h5 36. Bb7 h4 37.
Bc8 g5 38. a4 g4 39. a5 h3 40. b5 h2 41. Re1 Rxf2 42. Bxg4 Rg2 43. Bf3 Rg3 44.
Ke2 Bc7 45. b6 axb6 46. a6 Bb8 47. Rc1 Kg7 48. Kf2 b5 49. a7 Rxf3+ 50. Kxf3 Bxa7 51. Kg2 b4 52. Ra1 b3 53. Rxa7 b2 54. Rb7 c2 55.
Rxb2 h1=Q+ 56. Kxh1 c1=Q+ 0-1

[Event "Early-Titled-Tuesday-Blitz-January-23-2024"]
[Site "Chess.com"]
[Date "2024.01.23"]
[Round "5"]
[White "Rud_Makarian"]
[Black "alexrustemov"]
[Result "0-1"]
[WhiteElo "3001"]
[BlackElo "2892"]
[TimeControl "180+1"]
[EndTime "8:55:58 PST"]
[Termination "alexrustemov won by resignation"]

1. d4 d5 2. c4 e6 3. Nf3 Nf6 4.
g3 Bb4+ 5. Qd2 Bxd2+ 6. Nbxd2 O-O 7. Bg2 b6 8. O-O Ba6 9. b3 c5 10. Ba3 Nbd7 11. Rfd1 Rc8 12. e3 Qc7 13. dxc5 bxc5 14.
Bb2 Rfd8 15. h4 h6 16. Rdc1 Qb6 17. Rab1 Bb7 18. cxd5 exd5 19. Bh3 Rc7 20. Rd1 a5 21. Bc3 Ra8 22. Ne1 d4 23. Nc4 Qc6 24. Bg2 Qe6 25.
exd4 Bxg2 26. Nxg2 cxd4 27. Bxd4 a4 28. Nf4 Qa6 29.
Ne3 axb3 30. axb3 Qb5 31. b4 Ne5 32. Bc5 Qb7 33. Nf5 Nf3+ 34. Kf1 Ng4 35. Nd6 Nfh2+ 36. Kg1 Qc6 37. Nd5 Rd7 38. Nf5 Kh7 39. Nfe7 Qb7 40.
Rd3 Rad8 41. Rbd1 f6 42. Bb6 Re8 43. Bc5 Ne5 44. Ra3 Nhf3+ 45. Kg2 Rexe7 46. Bxe7 Rxe7 47. Kf1 Rd7 48. Ra5 Rxd5 49. Raxd5 Qxb4 50. Rd8 Qe4 51. h5 Qf5 52. Rc1 Qxh5 53. Rc7 Qg4 54. Re8 h5 55. Ree7 h4 56. gxh4 Qg1+ 0-1

[Event "Early-Titled-Tuesday-Blitz-January-23-2024"]
[Site "Chess.com"]
[Date "2024.01.23"]
[Round "5"]
[White "MikaelyanArman"]
[Black "biostatistician"]
[Result "1/2-1/2"]
[WhiteElo "2833"]
[BlackElo "2601"]
[TimeControl "180+1"]
[EndTime "8:55:58 PST"]
[Termination "Game drawn - insufficient material"]

1. d4 Nf6 2. Nf3 g6 3. g3 b6 4. Bg2 Bb7 5. c4 Bg7 6. O-O O-O 7. d5 Na6 8. Nc3 Nc5 9. Be3 e6 10. Rc1 exd5 11. cxd5 Re8 12. Bd4 d6 13. b4 Nce4 14.
Nxe4 Nxe4 15. Bxg7 Kxg7 16. Nd4 Bxd5 17. Nf5+ gxf5 18.
Qxd5 Qd7 19. Rfd1 Rad8 20. Bh3 Re5 21. Qxe5+ dxe5 22. Rxd7 Rxd7 23. Bxf5 Rd4 24. Rxc7 Rxb4 25. Rxa7 Nd6 26. Be6 Kg6 27. Bb3 f5 28. Rd7 Nb5 29.
e3 h5 30. h4 Nc3 31. Kg2 Ne4 32. Re7 Nc5 33. Rxe5 Nxb3 34. axb3 Rxb3 35. Re6+ Kg7 36. Kf3 Rb2 37. Rc6 b5 38. Rc5 Kg6 39. Rc6+ Kg7 40.
Rb6 b4 41. Rc6 b3 42. Rb6 Kf7 43. Kf4 Rxf2+ 44. Kg5 b2 45. Kxh5 Rf3 46. Rxb2 Rxg3 47. Rb3 Kf6 48. Rb6+ Ke5 49. Rb5+ Ke4 50. Kh6 Rxe3 51. h5 f4 52. Kg5 Rg3+ 53. Kf6 f3 54. Re5+ Kf4 55. Rf5+ Ke3 56. h6 Rh3 57. Kg7 f2 58.
Rxf2 Kxf2 59. h7 Kf3 60. h8=Q Rxh8 61. Kxh8 1/2-1/2

[Event "Early-Titled-Tuesday-Blitz-January-23-2024"]
[Site "Chess.com"]
[Date "2024.01.23"]
[Round "5"]
[White "crazy_but_lazy"]
[Black "VomDingJetztHer"]
[Result "0-1"]
[WhiteElo "2603"]
[BlackElo "2418"]
[TimeControl "180+1"]
[EndTime "8:55:58 PST"]
[Termination "VomDingJetztHer won by checkmate"]

1. c4 c6 2. g3 d5 3. Bg2 Nf6 4. Nf3 g6 5. O-O Bg7 6. b3 O-O 7. Bb2 Nbd7 8. d3 b5 9. cxb5 cxb5 10. Na3 a6 11. Nc2 Bb7 12. Ne5 Nxe5 13. Bxe5 Qd7 14. Qd2 Rfd8 15. Nd4 Bf8 16. Rac1 Ne8 17. Bf4 f6 18.
Bh6 Bxh6 19. Qxh6 e5 20. Nf3 Nd6 21. Bh3 Qe7 22. Rc2 Bc8 23. Bg2 Be6 24. Qd2 Rdc8 25. Rfc1 Rxc2 26. Rxc2 Rc8 27. h4 Qd7 28. Rxc8+ Qxc8 29. Qb4 Qc1+ 30. Kh2 Qc7 31. Nd2 a5 32. Qa3 b4 33.
Qb2 Qc3 34. Qb1 Qxd2 35. d4 Qxd4 36. e3 Qc3 37. Qf1 Qc6 38. Qd3 Kg7 39. Qe2 Nb5 40.
h5 Nc3 41. Qd2 Qc5 42. e4 Nxe4 43. h6+ Kf7 44. Bxe4 dxe4 45. Kg1 Qd4 46. Qe2 Bd5 47. Qb5 Be6 48. Qxa5 e3 49. fxe3 Qxe3+ 50. Kh2 Qxh6+ 51.
Kg2 Qd2+ 52. Kg1 Qd4+ 53. Kf1 Bh3+ 54. Ke2 Bg4+ 55. Kf1 Qd1+ 56. Kg2 Qe2+ 57. Kg1 Qe3+ 58. Kg2 Qf3+ 59. Kg1 Qxg3+ 60. Kf1 Qf3+ 61. Kg1 Qe3+ 62. Kg2 Bf3+ 63. Kh2 Qf2+ 64. Kh3 Qg2+ 65. Kh4 Qg4# 0-1

[Event "Early-Titled-Tuesday-Blitz-January-23-2024"]
[Site "Chess.com"]
[Date "2024.01.23"]
[Round "5"]
[White "Anton_Demchenko"]
[Black "Goryachkina"]
[Result "0-1"]
[WhiteElo "2923"]
[BlackElo "2710"]
[TimeControl "180+1"]
[EndTime "8:55:59 PST"]
[Termination "Goryachkina won by resignation"]

1. e4 c5 2. Nc3 e6 3. Nf3 a6 4.
a4 Nc6 5. d4 cxd4 6. Nxd4 Bc5 7. Nxc6 bxc6 8. e5 Ne7 9. Ne4 O-O 10. Nxc5 Qa5+ 11. Qd2 Qxc5 12. Qe3 Qa5+ 13. Bd2 Qc7 14.
Bd3 a5 15. O-O Ba6 16. c4 c5 17. Bc3 Bb7 18. Rad1 Ng6 19. Bc2 Bc6 20. f3 Qa7 21.
Rd6 Rfc8 22. Rfd1 Ne7 23. Qg5 Ng6 24. h4 h6 25. Qg3 Nf8 26. f4 Rab8 27. f5 exf5 28. Bxf5 Ne6 29. Bc2 Rb4 30. Qd3 Nf8 31. b3 Qb7 32. Rd2 Rxb3 33. Bxb3 Qxb3 34. Bxa5 Qxa4 35. Bc3 Rb8 36. Kh2 Ne6 37. Rb2 Rxb2 38. Bxb2 Qa2 39. Qc3 Qb1 40. Rd2 Qe4 41. Qg3 Qxc4 42.
Rf2 Qe4 43. Qf3 Qxh4+ 44. Qh3 Qxf2 45. Bc3 Qf4+ 46. Qg3 Qxg3+ 47. Kxg3 Kf8 48. Kf2 g6 49. g3 g5 50. Ke3 Kg7 51. Ba5 Kg6 52. g4 h5 53. gxh5+ Kxh5 54. Bc3 Kg4 55. Bb2 Kf5 0-1

[Event "Early-Titled-Tuesday-Blitz-January-23-2024"]
[Site "Chess.com"]
[Date "2024.01.23"]
[Round "5"]
[White "medalja"]
[Black "KnightmareJoker"]
[Result "1-0"]
[WhiteElo "2397"]
[BlackElo "2129"]
[TimeControl "180+1"]
[EndTime "8:55:59 PST"]
[Termination "medalja won by resignation"]

1. c4 e6 2. Nc3 d5 3. d4 Nf6 4.
Nf3 Be7 5. Bg5 h6 6. Bxf6 Bxf6 7. e3 O-O 8. Rc1 b6 9. cxd5 exd5 10. Bd3 Be6 11. O-O Nd7 12. Nb5 c5 13.
b3 a6 14. Nd6 Qc7 15. Nf5 b5 16. dxc5 Rac8 17. b4 Ne5 18. Nxe5 Qxe5 19. Nd6 Rc6 20. Bc2 Be7 21. Nb7 Rc7 22. Na5 Qb2 23. Qd3 g6 24. Qb3 Qxb3 25. Nxb3 Bf6 26. Nd4 Kg7 27. Rfd1 Rb8 28. Bb3 Bxd4 29. Rxd4 Rd7 30. f3 Rc8 31.
Kf2 Kf6 32. Rcd1 Rcd8 33. e4 dxe4 34. Rxd7 Rxd7 35. Rxd7 Bxd7 36. fxe4 Be8 37. Ke3 Ke5 38. Bd5 f5 39. g3 g5 40. Bb7 f4+ 41. gxf4+ gxf4+ 42. Kd3 Bf7 43. Bxa6 Bc4+ 44. Kd2 Kxe4 45. c6 Bxa2 46. c7 Be6 47. c8=Q Bxc8 48. Bxc8 Kd4 49. Be6 f3 50. h3 h5 51. h4 f2 52. Ke2 Kc3 53.
Kxf2 Kxb4 54. Kf3 Kc5 55. Kf4 Kd6 56. Kg5 Ke7 57. Bb3 Kf8 58. Kg6 b4 59. Bc4 Ke7 60.
Kxh5 Kf8 61. Kg6 Ke7 62. h5 Kf8 1-0

[Event "Early-Titled-Tuesday-Blitz-January-23-2024"]
[Site "Chess.com"]
[Date "2024.01.23"]
[Round "5"]
[White "Egor_Koshulyan"]
[Black "BilodeauA"]
[Result "0-1"]
[WhiteElo "2693"]
[BlackElo "2930"]
[TimeControl "180+1"]
[EndTime "8:56:00 PST"]
[Termination "BilodeauA won by resignation"]

1. e4 c5 2. Nf3 d6 3. d4 cxd4 4. Qxd4 Nc6 5. Bb5 Bd7 6. Bxc6 bxc6 7. c4 e5 8. Qd3 Nf6 9. Nc3 h6 10. c5 Be6 11. cxd6 Bxd6 12. O-O O-O 13. Rd1 Bc7 14.
Be3 Qb8 15. b3 Qb7 16. Na4 Rad8 17. Qc2 Bg4 18. Nc5 Qc8 19. Rxd8 Rxd8 20. Ne1 Bb6 21. Ned3 Be6 22. Nxe5 Re8 23. Ned3 Bc7 24. Bf4 Bb6 25. Rc1 Bd7 26. f3 Qd8 27. Kh1 Bc8 28. Nb4 Nh5 29. Be3 Qf6 30. Qf2 Bc7 31. Ncd3 Bd7 32. Nc5 Bc8 33.
Ncd3 Bd7 34. Nc5 Be6 35. Nxe6 Rxe6 36. Nd3 a5 37. Rd1 Qd8 38. Nb2 Qb8 39. g3 g5 40. Nc4 a4 41. bxa4 Qb4 42. Nb6 g4 43. Bc5 Qc3 44. Bd4 Qb4 45. Bc5 Qa5 46. Nc4 Qxa4 47.
fxg4 Qxd1+ 48. Kg2 Qxg4 49. Be3 Qxe4+ 50. Qf3 Qxc4 51.
Qxh5 Rxe3 52. Qg4+ Qxg4 0-1

[Event "Early-Titled-Tuesday-Blitz-January-23-2024"]
[Site "Chess.com"]
[Date "2024.01.23"]
[Round "5"]
[White "falzehope0"]
[Black "ChessGiantYouTube"]
[Result "0-1"]
[WhiteElo "2407"]
[BlackElo "2230"]
[TimeControl "180+1"]
[EndTime "8:56:00 PST"]
[Termination "ChessGiantYouTube won on time"]

1. d4 g6 2. e3 Bg7 3. Bd3 d6 4. f4 e6 5. Nf3 Ne7 6. O-O b6 7.
Qe2 Bb7 8. e4 c5 9. dxc5 bxc5 10. f5 exf5 11. exf5 O-O 12. fxg6 hxg6 13. Ng5 Nbc6 14.
Qg4 Bh6 15. Qh4 Bxg5 16. Bxg5 f5 17. Nc3 Rf7 18. Rae1 Rh7 19. Qc4+ Kf8 20. Nd5 Ne5 21. Rxe5 dxe5 22. Nxe7 Rxe7 23. Qxc5 Qd4+ 24. Qxd4 exd4 25. Bxe7+ Kxe7 26. Re1+ Kf6 27. Bc4 Be4 28. Bd3 Bxd3 29. cxd3 Rc8 30. Re2 Rc1+ 31. Kf2 Rd1 32. Rc2 Rxd3 33.
Ke2 Re3+ 34. Kd2 Ke5 35. Rc7 a5 36. Re7+ Kf4 37. Ra7 Re5 38. Rd7 Ke4 39. Rg7 Rb5 40.
b3 a4 41. bxa4 Rb2+ 42. Kd1 Rxg2 43. h4 Kd3 44. Kc1 Rg4 45. a5 f4 46. a6 Rxh4 47.
Rxg6 Rh7 48. Kb2 Ra7 49. Rf6 Ke3 50. Kc2 f3 51. Re6+ Kf2 52. Kd3 Kg2 53. Rg6+ Kf1 54. Kxd4 f2 55. Ke3 Ke1 56. Rf6 Re7+ 57. Kd3 f1=Q+ 0-1

[Event "Early-Titled-Tuesday-Blitz-January-23-2024"]
[Site "Chess.com"]
[Date "2024.01.23"]
[Round "5"]
[White "DDTerziev04"]
[Black "Piotrek1979"]
[Result "0-1"]
[WhiteElo "2193"]
[BlackElo "2402"]
[TimeControl "180+1"]
[EndTime "8:56:00 PST"]
[Termination "Piotrek1979 won on time"]

1. e4 d5 2. exd5 Qxd5 3. Nc3 Qd6 4. Bc4 Nf6 5. d3 Bg4 6. Nge2 e6 7. O-O c6 8. f3 Bf5 9. Ng3 Bg6 10. f4 Nbd7 11. Be3 Nb6 12. Bxb6 axb6 13. f5 exf5 14. Qe2+ Be7 15.
Rae1 Ra5 16. a3 Kd8 17. d4 f4 18. Rxf4 Qxf4 19. Qxe7+ Kc8 20. Bxf7 Kb8 21. Bxg6 hxg6 22. Nce2 Qc7 23. Qxc7+ Kxc7 24. Nf4 Re8 25. Rxe8 Nxe8 26.
Nxg6 b5 27. c3 Ra8 28. Ne4 Nd6 29. Nc5 Re8 30. Ne5 b6 31. Ncd3 Nc4 32. Nxc4 bxc4 33.
Ne5 b5 34. h4 c5 35. Kf2 cxd4 36. cxd4 Kd6 37. Ke3 Kd5 38. g4 c3 39. bxc3 Ra8 40. h5 Rxa3 41. Kd3 Ra1 42. g5 Rg1 43. Nf3 Rg3 44. Ke3 Kc4 45. Kf4 Rg2 46. Nh4 Rf2+ 47. Kg3 Rf1 48. h6 gxh6 49. gxh6 Rf6 50. h7 Rh6 51.
Nf5 Rxh7 52. Nd6+ Kd5 53. Nxb5 Rb7 54. Na3 Rb3 0-1

[Event "Early-Titled-Tuesday-Blitz-January-23-2024"]
[Site "Chess.com"]
[Date "2024.01.23"]
[Round "5"]
[White "dropstoneDP"]
[Black "mbojan"]
[Result "1-0"]
[WhiteElo "3061"]
[BlackElo "2891"]
[TimeControl "180+1"]
[EndTime "8:56:02 PST"]
[Termination "dropstoneDP won by checkmate"]

1. e4 a6 2. d4 e6 3. Be3 d5 4. Nd2 c5 5. exd5 cxd4 6. Bxd4 exd5 7. Ngf3 Nc6 8. Nb3 Nxd4 9. Qxd4 Nf6 10. Bd3 Bd6 11.
Qe3+ Be6 12. Nbd4 Qe7 13. O-O O-O 14. Nf5 Bxf5 15. Qxe7 Bxe7 16. Bxf5 g6 17. Bd3 Ne4 18. Rad1 Rfd8 19. c3 f5 20. Bc2 Bf6 21. Bb3 Kg7 22.
Bxd5 Rab8 23. Bxe4 fxe4 24. Nd2 Re8 25. Rde1 e3 26.
Rxe3 Rxe3 27. fxe3 b5 28. a3 a5 29. Ne4 Be5 30. Rd1 b4 31. axb4 axb4 32. Rd5 bxc3 33. bxc3 Rb1+ 34. Kf2 Rb2+ 35. Kf3 Bxh2 36. Rd7+ Kh6 37.
Nf6 Bg1 38. Rxh7+ Kg5 39. Ne4+ Kf5 40. Rh1 Rb1 41. Ng3+ Ke5 42. Ne2 Rf1+ 43. Kg4 Re1 44. Nxg1 Ke4 45. Nh3 Rxe3 46. Rc1 Kd5 47. c4+ Kc5 48.
Nf4 Re4 49. Kf3 Re8 50. Nxg6 Rf8+ 51. Nf4 Kc6 52. c5 Rg8 53. g4 Ra8 54. g5 Ra3+ 55. Kg4 Ra7 56. g6 Rg7 57. Kf5 Rd7 58. Rg1 Rd2 59.
Rg2 Rd8 60. g7 Rf8+ 61. gxf8=Q Kb5 62. c6 Kc4 63. c7 Kd4 64. Qb4+ Ke3 65. Qc3# 1-0